 Dungeon Crawl Stone Soup version 0.25-a0-513-ge77a69270c (webtiles) character file.

Game seed: 13053006317698661878, levelgen mode: deterministic

161511 ReteAZ the Protected (level 17, -12/133 HPs)
             Began as a Gnoll Wanderer on Feb 16, 2020.
             Was the Champion of Cheibriados.
             Blown up by an orb spider (43 damage)
             ... with an orb of destruction
             ... on level 4 of the Spider Nest.
             The game lasted 01:11:10 (32406 turns).

ReteAZ the Protected (Gnoll Wanderer)              Turns: 32406, Time: 01:11:11

Health: -12/133    AC: 21    Str: 35    XL:     17   Next: 79%
Magic:  30/33      EV: 38    Int: 33    God:    Cheibriados [******]
Gold:   4031       SH: 13    Dex: 39    Spells: 40/40 levels left

rFire    + + +     SeeInvis .   a - +2 hand crossbow
rCold    + + .     Gourm    .   W - +3 warlock's mirror {reflect}
rNeg     + . .     Faith    .   C - +7 chain mail of the Wumpus {Dex+8 Stlth+}
rPois    .         Spirit   .   p - +5 hat "Buezuocs" {*Contam +Blink rF+ Dex+3}
rElec    .         Reflect  +   I - scarf {rC+ rF+}
rCorr    .         Harm     .   A - +0 pair of gloves
MR       +....                  H - +2 pair of boots {Fly}
Stlth    +++++.....             S - amulet of the acrobat
HPRegen  0.32/turn              v - ring of positive energy
MPRegen  0.23/turn              X - ring of stealth

@: corroded, acrobat, flying, very slow
A: distributed training, fangs 1, cold resistance 1, deterioration 1, fire
resistance 1, strong nose
a: Bend Time, Temporal Distortion, Slouch, Step From Time, Renounce Religion,
Evoke Blink, Stop Flying


You were on level 4 of the Spider Nest.
You worshipped Cheibriados.
Cheibriados was exalted by your worship.
You were not hungry.

You visited 4 branches of the dungeon, and saw 27 of its levels.
You visited 1 bazaar.
You also visited: Ossuary and Ice Cave.

You collected 5785 gold pieces.
You spent 1754 gold pieces at shops.

Inventory:

Hand Weapons
 a - a +2 hand crossbow (weapon)
 b - the +9 trident of Purpose {pain, rC+}
   (You bought it in a shop on level 2 of the Orcish Mines)

   In the hands of one skilled in necromantic magic, it inflicts extra damage on
   living creatures.
   It protects you from cold.
 E - the +11 dagger "Zeycwerph" {vorpal, rC+ Int+3 SInv}
   (You found it on level 3 of the Lair of Beasts)

   It inflicts extra damage upon your enemies.
   It affects your intelligence (+3).
   It protects you from cold.
   It lets you see invisible.
 G - the +2 whip "Giantslayer" {vorpal, rF+ rC+ Str+4 Dex+5}
   (You bought it in a shop on level 2 of the Orcish Mines)

   It inflicts extra damage upon your enemies.
   It affects your strength (+4).
   It affects your dexterity (+5).
   It protects you from fire.
   It protects you from cold.
 M - a +2 demon whip of venom
Missiles
 y - 110 bolts (quivered)
 O - 3 curare-tipped darts
 Q - 5 silver javelins
Armour
 p - the +5 hat "Buezuocs" (worn) {*Contam +Blink rF+ Dex+3}
   (You found it in an ice cave)

   It affects your dexterity (+3).
   It protects you from fire.
   It lets you blink.
   It causes magical contamination when unequipped.
   If you remove this armour, your AC will decrease by 5 (21 -> 16).
 A - a +0 pair of gloves (worn)
 C - the +7 chain mail of the Wumpus (worn) {Dex+8 Stlth+}
   (You found it on level 4 of the Dungeon)

   It affects your dexterity (+8).
   It makes you more stealthy.
   If you remove this armour, your AC will decrease by 19 (21 -> 2).
 H - a +2 pair of boots of flying (worn)
 I - a scarf of resistance (worn)
 J - the -6 tower shield of the Nine Stories {*Drain +Blink rElec rPois}
   (You bought it in a shop on level 7 of the Dungeon)

   It insulates you from electricity.
   It protects you from poison.
   It lets you blink.
   It causes draining when unequipped.
 W - the +3 warlock's mirror (worn) {reflect}
   (You bought it in a shop in a bazaar)
Jewellery
 d - an uncursed ring of protection from fire
 r - a +2 ring of strength
 v - a ring of positive energy (left hand)
 S - an amulet of the acrobat (around neck)
 X - a ring of stealth (right hand)
Wands
 e - a wand of acid (4)
 k - a wand of digging (4)
 w - a wand of flame (38)
 D - a wand of disintegration (44)
 L - a wand of polymorph (18)
 R - a wand of paralysis (21)
 T - a wand of enslavement (21)
 Y - a wand of iceblast (13)
Scrolls
 h - 6 scrolls of remove curse
 i - 2 scrolls of amnesia
 l - a scroll of fear
 o - 6 scrolls of identify
 q - 11 scrolls of teleportation
 t - 6 scrolls of enchant weapon
 K - 4 scrolls of blinking
 N - 4 scrolls of fog
 P - 4 scrolls of enchant armour
Potions
 c - a potion of cancellation
 g - 4 potions of magic
 j - 4 potions of lignification
 m - a potion of invisibility
 n - a potion of ambrosia
 s - 2 potions of brilliance
 u - 2 potions of agility {unknown}
 x - 6 potions of curing
 z - 5 potions of heal wounds
 B - 2 potions of resistance
 F - 2 potions of might
 Z - 4 potions of mutation
Comestibles
 f - 61 rations


   Skills:
 + Level 11.8 Fighting
 + Level 11.5 Short Blades
 + Level 11.5 Long Blades
 + Level 11.5 Axes
 + Level 11.5 Maces & Flails
 + Level 11.5 Polearms
 + Level 11.5 Staves
 + Level 11.5 Slings
 + Level 11.5 Bows
 + Level 11.8 Crossbows
 + Level 11.5 Throwing
 + Level 13.0 Armour
 + Level 11.5 Dodging
 + Level 11.5 Stealth
 + Level 11.5 Shields
 + Level 11.5 Unarmed Combat
 + Level 12.4 Spellcasting
 + Level 9.9 Conjurations
 + Level 9.9 Hexes
 + Level 9.9 Charms
 + Level 9.9 Summonings
 + Level 9.9 Necromancy
 + Level 9.9 Translocations
 + Level 10.1 Transmutations
 + Level 9.9 Fire Magic
 + Level 9.9 Ice Magic
 + Level 9.9 Air Magic
 + Level 9.9 Earth Magic
 + Level 9.9 Poison Magic
 + Level 12.5 Invocations
 + Level 12.3 Evocations


You had 40 spell levels left.
You didn't know any spells.
Your spell library contained the following spells:

 Spells                   Type           Power        Failure   Level  Hunger
 Foxfire                  Conj/Fire      ####         1%          1    None
 Shock                    Conj/Air       ####         1%          1    None
 Sting                    Tmut/Pois      ####         1%          1    None
 Summon Small Mammal      Summ           ####         1%          1    None
 Corpse Rot               Necr/Air       N/A          1%          2    None
 Poisonous Vapours        Pois/Air       ######       1%          2    None
 Sticks to Snakes         Tmut           ######..     1%          2    None
 Swiftness                Chrm/Air       ######..     1%          2    None
 Conjure Flame            Conj/Fire      ######..     1%          3    None
 Ignite Poison            Fire/Tmut/Pois ######..     1%          3    None
 Inner Flame              Hex/Fire       ######..     1%          3    None
 Mephitic Cloud           Conj/Pois/Air  ######..     1%          3    None
 Spider Form              Tmut/Pois      ######....   1%          3    None
 Static Discharge         Conj/Air       ######..     1%          3    None
 Airstrike                Air            ######....   1%          4    None
 Ice Form                 Ice/Tmut       ######..     1%          4    None
 Olgreb's Toxic Radiance  Pois           ######..     1%          4    None
 Sticky Flame             Conj/Fire      ######..     1%          4    None
 Summon Lightning Spire   Summ/Air       ######..     1%          4    None
 Fireball                 Conj/Fire      ######....   3%          5    None
 Lightning Bolt           Conj/Air       ######....   3%          5    None
 Metabolic Englaciation   Hex/Ice        ######....   3%          5    None
 Silence                  Hex/Air        ######....   3%          5    None
 Conjure Ball Lightning   Conj/Air       ######....   17%         6    ####...
 Deflect Missiles         Chrm/Air       ######....   17%         6    ####...
 Freezing Cloud           Conj/Ice/Air   ######....   17%         6    ####...
 Ozocubu's Refrigeration  Ice            ######....   17%         6    ####...
 Shadow Creatures         Summ           N/A          17%         6    ####...
 Simulacrum               Ice/Necr       ######....   17%         6    ####...
 Summon Hydra             Summ           ######....   67%         7    #####..
 Tornado                  Air            ######....   100%        9    #######


Dungeon Overview and Level Annotations

Branches:
Dungeon (15/15)            Temple (0/1) D:7            Lair (6/6) D:10
 Shoals (0/4) Lair:3       Spider (4/4) Lair:3        Slime (0/5) Lair:6
    Orc (2/2) D:10            Elf (0/3) Orc:2        Vaults (0/5) D:13
 Depths (0/5) D:15        Ossuary (visited)           IceCv (visited)

Altars:
Cheibriados
Gozag
Hepliaklqana
Makhleb
Nemelex Xobeh
Okawaru
Vehumet

Shops:
D:7 *   Orc:2 :*(

Annotations:
D:15 3 runed translucent doors, Emut's ghost, journeyman DEEE
Lair:3 exclusion: oklob plant


Innate Abilities, Weirdness & Mutations

Your experience applies equally to all skills.
You have very sharp teeth.
Your uncanny sense of smell can sniff out nearby items.
Your flesh is cold resistant. (rC+)
Your body sometimes deteriorates upon taking damage.
Your flesh is heat resistant. (rF+)


Message History

You see here a jumping spider corpse.
The orb spider spins a strand of pure energy.
The orb of destruction hits you!!!
* * * LOW HITPOINT WARNING * * *
a - a +2 hand crossbow (weapon)
Firing (i - inventory. (/) - cycle)
y - 112 bolts (quivered)
Press: ? - help, Shift-Dir - straight line, f - orb spider
Aim: an orb spider (severely wounded, fully charged)
You shoot a bolt. The bolt hits the orb spider!
The orb spider is almost dead.
The orb spider weaves a glowing orb of energy.
An orb of destruction comes into view.
Firing (i - inventory. (/) - cycle)
y - 111 bolts (quivered)
Press: ? - help, Shift-Dir - straight line, f/p - orb spider
Aim: an orb spider (almost dead)
You shoot a bolt.
The bolt hits the orb spider but does no damage.
The orb spider is almost dead.
The orb of destruction hits you!!!
You die...

#^...........#....#
#............^....#
###.#......#....^..#
#..^...#.......#.....
##......[^......[....
##......#.^....^.##.
##..(#...#s(.....
##.#..#^.○.......
#..^..@☼○.#.(....
#..##...†.....?.^
#.^.....#.†(...^..
..<.^#.....#(.^..#
.^#.......^..(....
#.............^..#
#...#........^....
#............#....
....^..........^.


You could see an orb spider.

Vanquished Creatures
  Jorgrun (D:15)
  Asterion (Spider:4)
  Kirke (Lair:4)
  Louise (Spider:2)
  2 ghost moths
  4 emperor scorpions
  An orc warlord (Orc:2)
  A reaper (IceCv)
  3 entropy weavers
  The ghost of terminal the Slicer, a journeyman HuMo of Dithmenos (D:13)
  Nessos (Lair:4)
  A spark wasp (Spider:4)
  Snorg (D:14)
  Erolcha (D:9)
  3 hydras
  4 catoblepae
  A vault guard (D:13)
  3 tengu warriors
  A centaur warrior (D:13)
  A deep troll shaman (Lair:6)
  2 death knights
  5 ogre magi
  23 two-headed ogres
  6 death yaks (Lair:6)
  An orc high priest (Orc:2)
  A deep elf knight (Orc:2)
  10 skeletal warriors
  4 unseen horrors
  A phantasmal warrior (D:13)
  3 orc knights
  8 orb spiders
  5 deep elf magi
  4 orc sorcerers
  2 manticores
  A faun (Lair:1)
  2 ugly things
  14 wolf spiders
  4 merfolk sirens (Lair:3)
  4 elephants (Lair:6)
  2 moths of wrath
  4 cyclopes
  Maurice (D:12)
  An eye of devastation (shapeshifter) (D:15)
  2 ice statues (IceCv)
  A naga mage (D:15)
  4 black mambas
  A torpor snail (Spider:2)
  A gargoyle (D:12)
  A molten gargoyle (Lair:3)
  6 spiny frogs
  3 yaktaurs (D:15)
  2 rime drakes (Lair:6)
  A freezing wraith (D:13)
  Maggie (Lair:1)
  6 komodo dragons
  10 ice devils (IceCv)
  2 efreet
  3 kobold demonologists (D:13)
  27 demonic crawlers
  2 polar bears (Lair:6)
  A merfolk (D:15)
  3 meliai (D:14)
  14 jumping spiders
  A queen bee (D:14)
  5 hornets
  7 trolls
  15 slime creatures
  16 blink frogs
  Grinder (D:5)
  A meliai zombie (D:12)
  9 hippogriffs
  42 redbacks
  A spriggan (shapeshifter) (D:14)
  62 yaks
  A tarantella (shapeshifter) (D:15)
  A human (D:7)
  2 wraiths (D:13)
  21 tarantellas
  5 hogs
  3 vampire mosquitoes (D:15)
  3 wyverns
  2 hungry ghosts
  A hog (shapeshifter) (D:15)
  Menkaure (D:4)
  2 soldier ants
  2 wargs
  9 water moccasins
  7 porcupines
  4 sky beasts
  6 black bears
  7 necrophages
  22 orc warriors
  7 ice beasts
  3 phantoms
  4 boggarts (Lair:6)
  46 ogres
  35 wolves
  5 crocodiles
  11 centaurs
  12 bullfrogs
  A gnoll sergeant (D:9)
  6 big kobolds
  A hornet simulacrum (D:15)
  6 scorpions
  24 killer bees
  5 electric eels
  15 wights
  9 howler monkeys
  5 bullfrog zombies
  6 crimson imps
  5 jellies
  5 quasits
  5 centaur zombies
  2 human zombies (D:5)
  6 hounds
  8 centaur skeletons
  16 orc priests
  2 bullfrog skeletons
  A human skeleton (D:5)
  3 iguanas
  24 orc wizards
  Ijyb (D:3)
  Natasha (thrice) (D:2)
  9 worker ants
  4 big kobold zombies (Ossuary)
  A hound skeleton (D:7)
  2 mummies (Ossuary)
  A howler monkey zombie (D:6)
  3 gnolls (D:9)
  9 adders
  5 shadow imps
  7 white imps
  10 ufetubi (IceCv)
  An adder skeleton (D:7)
  A worm (D:3)
  A dart slug (D:3)
  6 leopard geckos
  68 orcs
  7 bats
  10 goblins
  5 hobgoblins
  7 jackals
  12 kobolds
  3 quokkas
  A ball python (D:1)
  5 frilled lizards
  4 gnoll zombies (Ossuary)
  3 goblin zombies (Ossuary)
  A hobgoblin zombie (Ossuary)
  A jackal skeleton (D:6)
  2 jackal zombies
  A leopard gecko zombie (D:6)
  3 orc skeletons (D:5)
  2 orc zombies (Ossuary)
  2 quokka skeletons
  4 quokka zombies
  3 rats
  2 plants
979 creatures vanquished.

Vanquished Creatures (others)
  2 humans (Lair:4)
  A big kobold (D:13)
  3 white imps (IceCv)
  An ufetubus (IceCv)
  12 fungi (Lair:6)
  13 plants
32 creatures vanquished.

Grand Total: 1011 creatures vanquished

Notes
Turn   | Place    | Note
-------+----------+-------------------------------------------
     0 | D:1      | ReteAZ the Gnoll Wanderer began the quest for the Orb.
     0 | D:1      | ReteAZ set off with the following items: a +2 hand
                  | crossbow, 22 bolts, a wand of random effects (15), a +0
                  | robe, a ration; and the following spells available to
                  | memorise: Corpse Rot, Poisonous Vapours
     0 | D:1      | Reached XP level 1. HP: 17/17 MP: 6/6
   101 | D:1      | Reached XP level 2. HP: 23/23 MP: 7/7
   651 | D:1      | Reached XP level 3. HP: 28/28 MP: 9/9
   854 | D:2      | Reached skill level 5 in Spellcasting
   922 | D:2      | Noticed Natasha
   927 | D:2      | Killed Natasha
   927 | D:2      | Reached skill level 1 in Invocations
   945 | D:2      | Reached skill level 1 in Short Blades
   945 | D:2      | Reached skill level 1 in Long Blades
   945 | D:2      | Reached skill level 1 in Axes
   945 | D:2      | Reached skill level 1 in Maces & Flails
   945 | D:2      | Reached skill level 1 in Polearms
   945 | D:2      | Reached skill level 1 in Staves
   945 | D:2      | Reached skill level 1 in Slings
   945 | D:2      | Reached skill level 1 in Bows
   945 | D:2      | Reached skill level 1 in Throwing
   945 | D:2      | Reached skill level 1 in Dodging
   945 | D:2      | Reached skill level 1 in Stealth
   945 | D:2      | Reached skill level 1 in Shields
   945 | D:2      | Reached skill level 1 in Unarmed Combat
  1118 | D:2      | Reached XP level 4. HP: 34/34 MP: 11/11
  1230 | D:2      | Noticed Natasha
  1235 | D:2      | Killed Natasha
  1895 | D:2      | Noticed Natasha
  1899 | D:2      | Killed Natasha
  1899 | D:2      | Reached skill level 1 in Conjurations
  1899 | D:2      | Reached skill level 1 in Hexes
  1899 | D:2      | Reached skill level 1 in Charms
  1899 | D:2      | Reached skill level 1 in Summonings
  1899 | D:2      | Reached skill level 1 in Necromancy
  1899 | D:2      | Reached skill level 1 in Translocations
  1899 | D:2      | Reached skill level 1 in Fire Magic
  1899 | D:2      | Reached skill level 1 in Ice Magic
  1899 | D:2      | Reached skill level 1 in Air Magic
  1899 | D:2      | Reached skill level 1 in Earth Magic
  1899 | D:2      | Reached skill level 1 in Poison Magic
  1934 | D:3      | Reached XP level 5. HP: 40/40 MP: 12/12
  2047 | D:3      | Found a burning altar of Makhleb.
  2081 | D:3      | Noticed Ijyb
  2093 | D:3      | Killed Ijyb
  2140 | D:3      | Found a radiant altar of Vehumet.
  2472 | D:3      | Reached XP level 6. HP: 47/47 MP: 13/13
  2761 | D:4      | Reached skill level 5 in Evocations
  2783 | D:4      | Got a warped chain mail
  2794 | D:4      | Identified the +7 chain mail of the Wumpus {Dex+8 Stlth+}
                  | (You found it on level 4 of the Dungeon)
  3069 | D:4      | Noticed Menkaure
  3522 | D:4      | Reached XP level 7. HP: 52/52 MP: 15/15
  3550 | D:4      | Killed Menkaure
  3550 | D:4      | Reached skill level 7 in Armour
  3704 | D:5      | Entered Level 5 of the Dungeon
  3861 | D:5      | Found a sand-covered staircase.
  3872 | Ossuary  | Entered an ossuary
  4337 | D:5      | Noticed Grinder
  4354 | D:5      | Killed Grinder
  4354 | D:5      | Reached XP level 8. HP: 27/60 MP: 16/16
  4601 | D:5      | Found a snail-covered altar of Cheibriados.
  4731 | D:5      | Became a worshipper of Cheibriados the Contemplative
  5233 | D:6      | Reached XP level 9. HP: 54/66 MP: 18/18
  5252 | D:6      | Reached * piety under Cheibriados
  5848 | D:7      | Found an opulent altar of Gozag.
  5994 | D:7      | Reached skill level 5 in Fighting
  5994 | D:7      | Reached skill level 5 in Crossbows
  5997 | D:7      | Found a hazy altar of Hepliaklqana.
  6178 | D:7      | Found a staircase to the Ecumenical Temple.
  6214 | D:7      | Reached skill level 8 in Armour
  6221 | D:7      | Reached ** piety under Cheibriados
  6337 | D:7      | Found Wukheli's Assorted Antiques.
  6396 | D:7      | Reached skill level 5 in Invocations
  6420 | D:7      | Reached XP level 10. HP: 70/74 MP: 20/20
  6828 | D:7      | Reached skill level 5 in Short Blades
  6828 | D:7      | Reached skill level 5 in Long Blades
  6828 | D:7      | Reached skill level 5 in Axes
  6828 | D:7      | Reached skill level 5 in Maces & Flails
  6828 | D:7      | Reached skill level 5 in Polearms
  6828 | D:7      | Reached skill level 5 in Staves
  6828 | D:7      | Reached skill level 5 in Slings
  6828 | D:7      | Reached skill level 5 in Bows
  6828 | D:7      | Reached skill level 5 in Throwing
  6828 | D:7      | Reached skill level 5 in Dodging
  6828 | D:7      | Reached skill level 5 in Stealth
  6828 | D:7      | Reached skill level 5 in Shields
  6828 | D:7      | Reached skill level 5 in Unarmed Combat
  7125 | D:8      | Reached *** piety under Cheibriados
  7251 | D:8      | Found an iron altar of Okawaru.
  7902 | D:9      | Noticed Erolcha
  7913 | D:9      | Killed Erolcha
  7913 | D:9      | Reached skill level 5 in Transmutations
  7969 | D:9      | Found a sparkling altar of Nemelex Xobeh.
  8002 | D:10     | Entered Level 10 of the Dungeon
  8358 | D:9      | Reached **** piety under Cheibriados
  8759 | D:10     | Reached XP level 11. HP: 82/82 MP: 22/22
  9088 | D:9      | Reached skill level 9 in Armour
  9098 | D:9      | Reached skill level 5 in Conjurations
  9098 | D:9      | Reached skill level 5 in Hexes
  9098 | D:9      | Reached skill level 5 in Charms
  9098 | D:9      | Reached skill level 5 in Summonings
  9098 | D:9      | Reached skill level 5 in Necromancy
  9098 | D:9      | Reached skill level 5 in Translocations
  9098 | D:9      | Reached skill level 5 in Fire Magic
  9098 | D:9      | Reached skill level 5 in Ice Magic
  9098 | D:9      | Reached skill level 5 in Air Magic
  9098 | D:9      | Reached skill level 5 in Earth Magic
  9098 | D:9      | Reached skill level 5 in Poison Magic
  9708 | D:10     | Found a staircase to the Orcish Mines.
  9715 | D:10     | Got a smoking robe
 10069 | D:10     | Found a staircase to the Lair.
 10147 | Orc:1    | Entered Level 1 of the Orcish Mines
 10467 | D:11     | Noticed a cyclops
 10473 | D:11     | Killed a cyclops
 10754 | D:11     | Reached ***** piety under Cheibriados
 11030 | D:11     | Reached XP level 12. HP: 91/91 MP: 24/24
 11973 | Orc:2    | Entered Level 2 of the Orcish Mines
 12180 | Lair:1   | Entered Level 1 of the Lair of Beasts
 12808 | Lair:1   | Reached ****** piety under Cheibriados
 12889 | Lair:1   | Noticed Maggie
 12902 | Lair:1   | Killed Maggie
 12916 | Lair:1   | Identified the cursed +0 robe of Lehal {rElec rPois rF-}
                  | (You found it on level 10 of the Dungeon)
 13338 | Lair:2   | Noticed a five-headed hydra
 13347 | Lair:2   | Killed a five-headed hydra
 14222 | Lair:3   | Reached skill level 10 in Armour
 14509 | Lair:3   | Got a crude dagger
 14510 | Lair:3   | Identified the +11 dagger "Zeycwerph" {vorpal, rC+ Int+3
                  | SInv} (You found it on level 3 of the Lair of Beasts)
 14599 | Lair:3   | Found a hole to the Spider Nest.
 14828 | Lair:3   | Gained mutation: Your flesh is cold resistant. (rC+)
                  | [potion of mutation]
 14828 | Lair:3   | Gained mutation: Your flesh is heat resistant. (rF+)
                  | [potion of mutation]
 14831 | Lair:3   | Got a faintly humming leather armour
 14845 | Lair:3   | Identified the cursed +1 leather armour "Kujal" {*Drain
                  | rF+++ Regen+ Int-3} (You found it on level 3 of the Lair of
                  | Beasts)
 14873 | Lair:3   | Found a staircase to the Shoals.
 14888 | Lair:3   | Reached XP level 13. HP: 98/98 MP: 26/26
 15135 | Lair:4   | Noticed Nessos
 15156 | Lair:4   | Killed Nessos
 15409 | Lair:4   | Found a frozen archway.
 15417 | IceCv    | Entered an ice cave
 15708 | IceCv    | Got a twisted hat
 15735 | IceCv    | Identified the +5 hat "Buezuocs" {*Contam +Blink rF+ Dex+3}
                  | (You found it in an ice cave)
 16023 | IceCv    | Noticed a reaper
 16041 | IceCv    | Killed a reaper
 16363 | Lair:4   | Noticed Kirke
 16374 | Lair:4   | Killed Kirke
 18005 | Lair:6   | Entered Level 6 of the Lair of Beasts
 18253 | Lair:6   | Reached skill level 10 in Spellcasting
 18632 | Lair:6   | Reached XP level 14. HP: 102/108 MP: 28/28
 18727 | Lair:6   | Reached skill level 10 in Evocations
 18918 | Lair:6   | Reached skill level 11 in Armour
 19027 | Lair:6   | Found a staircase to the Slime Pits.
 19812 | Lair:6   | Reached skill level 10 in Invocations
 20686 | Orc:2    | Reached XP level 15. HP: 76/115 MP: 29/29
 20738 | Orc:2    | Reached skill level 10 in Fighting
 20738 | Orc:2    | Reached skill level 10 in Crossbows
 20883 | Orc:2    | Found Qopruh's Food Shoppe.
 20883 | Orc:2    | Found Cueloc's Book Boutique.
 20885 | Orc:2    | Found Gicerim's Assorted Antiques.
 20885 | Orc:2    | Found Gypnewin's Antique Weapon Emporium.
 20895 | Orc:2    | Bought a polished trident for 161 gold pieces
 20895 | Orc:2    | Identified the +9 trident of Purpose {pain, rC+} (You
                  | bought it in a shop on level 2 of the Orcish Mines)
 20897 | Orc:2    | Bought a fine whip for 247 gold pieces
 20897 | Orc:2    | Identified the +2 whip "Giantslayer" {vorpal, rF+ rC+ Str+4
                  | Dex+5} (You bought it in a shop on level 2 of the Orcish
                  | Mines)
 21109 | Orc:2    | Noticed an orc warlord
 21283 | Orc:2    | Killed an orc warlord
 21382 | Orc:2    | Gained mutation: Your body sometimes deteriorates upon
                  | taking damage. [a neqoxec]
 21477 | Orc:2    | Found a staircase to the Elven Halls.
 21782 | Orc:1    | Reached skill level 10 in Short Blades
 21782 | Orc:1    | Reached skill level 10 in Long Blades
 21782 | Orc:1    | Reached skill level 10 in Axes
 21782 | Orc:1    | Reached skill level 10 in Maces & Flails
 21782 | Orc:1    | Reached skill level 10 in Polearms
 21782 | Orc:1    | Reached skill level 10 in Staves
 21782 | Orc:1    | Reached skill level 10 in Slings
 21782 | Orc:1    | Reached skill level 10 in Bows
 21782 | Orc:1    | Reached skill level 10 in Throwing
 21782 | Orc:1    | Reached skill level 10 in Dodging
 21782 | Orc:1    | Reached skill level 10 in Stealth
 21782 | Orc:1    | Reached skill level 10 in Shields
 21782 | Orc:1    | Reached skill level 10 in Unarmed Combat
 21819 | Orc:1    | Got a scorched crystal amulet
 21820 | Orc:1    | Identified the amulet of the Jester {Acrobat +Fly MR- Str-5
                  | SInv} (You found it on level 1 of the Orcish Mines)
 22326 | D:12     | Noticed Maurice
 22333 | D:12     | Killed Maurice
 22593 | D:12     | Identified the Incunabulum of Transmigration and Poison
 23142 | D:13     | Found a runed translucent gate.
 23142 | D:13     | Found a runed translucent gate.
 23142 | D:13     | Noticed terminal's ghost (journeyman HuMo)
 23148 | D:13     | Found a runed translucent gate.
 23540 | D:13     | Found a flickering gateway to a bazaar.
 23548 | Bazaar   | Entered a bazaar
 23550 | Bazaar   | Found Vaclay's Assorted Antiques.
 23554 | Bazaar   | Found Ycled's Armour Boutique.
 23554 | Bazaar   | Found Owkykucs's Jewellery Boutique.
 23554 | Bazaar   | Found Watwathi's Book Boutique.
 23587 | Bazaar   | Bought the +3 warlock's mirror {reflect} for 1080 gold
                  | pieces
 23587 | Bazaar   | Found the +3 warlock's mirror {reflect}
 23811 | D:7      | Bought a distressingly furry tower shield for 266 gold
                  | pieces
 23824 | D:7      | Identified the -6 tower shield of the Nine Stories {*Drain
                  | +Blink rElec rPois} (You bought it in a shop on level 7 of
                  | the Dungeon)
 24227 | D:13     | Reached skill level 12 in Armour
 24240 | D:13     | Reached XP level 16. HP: 114/124 MP: 31/31
 24391 | D:13     | Found a gate to the Vaults.
 25187 | D:14     | Noticed Snorg
 25208 | D:14     | Killed Snorg
 25860 | D:15     | Entered Level 15 of the Dungeon
 26747 | D:15     | Noticed Jorgrun
 26759 | D:15     | Killed Jorgrun
 26912 | D:15     | Identified a scroll of acquirement
 26914 | D:15     | Identified the +6 double sword of Ambiguity {flame, Str+4}
                  | (You acquired it on level 15 of the Dungeon)
 27211 | D:15     | Found a staircase to the Depths.
 27254 | D:15     | Found a runed translucent gate.
 27254 | D:15     | Found a runed translucent gate.
 27255 | D:15     | Found a runed translucent gate.
 27255 | D:15     | Noticed Emut's ghost (journeyman DEEE)
 27420 | D:13     | Killed terminal's ghost
 27739 | Spider:1 | Entered Level 1 of the Spider Nest
 27795 | Spider:1 | Reached XP level 17. HP: 58/131 MP: 18/33
 28984 | Spider:2 | Noticed Louise
 29014 | Spider:2 | Killed Louise
 29291 | Spider:2 | Identified the Reference Book on Glacial Creation
 31253 | Spider:3 | Reached skill level 10 in Transmutations
 32160 | Spider:4 | Entered Level 4 of the Spider Nest
 32160 | Spider:4 | Noticed Asterion
 32164 | Spider:4 | Killed Asterion
 32184 | Spider:4 | Reached skill level 13 in Armour
 32406 | Spider:4 | Blown up by an orb spider

Levels and vault maps discovered:
D:1:      dpeg_arrival_line_fractal, layout_basic
D:2:      layout_loops_cross, uniq_natasha
D:3:      layout_loops_cross, lightli_temple_of_fire, lemuel_doored_altar,
          uniq_ijyb
D:4:      layout_basic, first_ration, uniq_menkaure
D:5:      layout_cave_pools, marbit_many_paths, nicolae_ossuary_entry_catacombs,
          uniq_grinder
D:6:      minmay_angry_zag, layout_basic
D:7:      layout_basic, nicolae_overflow_crystal_walls,
          minmay_temple_entry_proselytizer, serial_shops, nicolae_shop_crystal,
          grunt_livestock, nicolae_gozag_seed_capital
D:8:      layout_cave_pools, old_standard_altar
D:9:      layout_basic, old_standard_altar, uniq_erolcha
D:10:     layout_cave_pools, grunt_lair_entry_orc_guard_hut, david_orc_3,
          kennysheep_generic_room_3
D:11:     layout_layer_cave
D:12:     layout_stronghold, serial_undead, serial_undead_b, serial_undead_c,
          serial_undead_e, serial_undead_b, serial_undead_e,
          hangedman_corner_corridor, uniq_maurice
D:13:     layout_cave_pools, david_vaults_5, gammafunk_ghost_nasty_kobolds,
          serial_shops, bzr_entry_customers
D:14:     layout_loops_ring, special_room [special_room_bee],
          kennysheep_small_square, uniq_snorg
D:15:     hangedman_depths_entry_try_elsewhere_first, layout_basic,
          gammafunk_ghost_spectres, minmay_misc_feat_pillars, uniq_jorgrun
Lair:1:   layout_chaotic_city, grunt_forest_large_clearings, uniq_maggie
Lair:2:   layout_small_grid
Lair:3:   wander_river, layout_gridlike, elwin_shoals_entry_stream,
          spider_nest_entry_webs, serial_bayou_pond_c
Lair:4:   layout_cave_pods, portal_ice_cave_entry_pillars_2,
          infiniplex_staircase_pool_2, uniq_nessos, uniq_kirke
Lair:5:   layout_hall_layers, st_stairs_9
Lair:6:   grunt_lair_end_beastmaster, layout_cave_pods, slime_dummy,
          chequers_serial_rivers_large_a, st_stairs_10, kilobyte_rumbling_trees
Spider:1: layout_spider_delve, nicolae_crawler_farm
Spider:2: layout_chambers, worms_lemuel, uniq_louise
Spider:3: layout_spider_delve
Spider:4: grunt_spider_rune_parallel, uniq_asterion, uniq_roxanne
Orc:1:    lemuel_ogre_cave, layout_diamond_mine
Orc:2:    st_orc_ogre_mass, layout_caves, elf_legates

Skill      XL: |  1  2  3  4  5  6  7  8  9 10 11 12 13 14 15 16 17 |
---------------+----------------------------------------------------+-----
Transmutations | 2 3 4 5 6 7 8 9 10 | 10.1
Spellcasting   | 5 6 7 8 9 10 11 12 | 12.4
Invocations    | 1 2 3 4 5 6 7 8 9 10 11 12 | 12.5
Short Blades   | 1 2 3 4 5 6 7 8 9 10 11 | 11.5
Long Blades    | 1 2 3 4 5 6 7 8 9 10 11 | 11.5
Axes           | 1 2 3 4 5 6 7 8 9 10 11 | 11.5
Maces & Flails | 1 2 3 4 5 6 7 8 9 10 11 | 11.5
Polearms       | 1 2 3 4 5 6 7 8 9 10 11 | 11.5
Staves         | 1 2 3 4 5 6 7 8 9 10 11 | 11.5
Slings         | 1 2 3 4 5 6 7 8 9 10 11 | 11.5
Bows           | 1 2 3 4 5 6 7 8 9 10 11 | 11.5
Throwing       | 1 2 3 4 5 6 7 8 9 10 11 | 11.5
Dodging        | 1 2 3 4 5 6 7 8 9 10 11 | 11.5
Stealth        | 1 2 3 4 5 6 7 8 9 10 11 | 11.5
Shields        | 1 2 3 4 5 6 7 8 9 10 11 | 11.5
Unarmed Combat | 1 2 3 4 5 6 7 8 9 10 11 | 11.5
Conjurations   | 1 2 3 4 5 6 7 8 9 |  9.9
Hexes          | 1 2 3 4 5 6 7 8 9 |  9.9
Charms         | 1 2 3 4 5 6 7 8 9 |  9.9
Summonings     | 1 2 3 4 5 6 7 8 9 |  9.9
Necromancy     | 1 2 3 4 5 6 7 8 9 |  9.9
Translocations | 1 2 3 4 5 6 7 8 9 |  9.9
Fire Magic     | 1 2 3 4 5 6 7 8 9 |  9.9
Ice Magic      | 1 2 3 4 5 6 7 8 9 |  9.9
Air Magic      | 1 2 3 4 5 6 7 8 9 |  9.9
Earth Magic    | 1 2 3 4 5 6 7 8 9 |  9.9
Poison Magic   | 1 2 3 4 5 6 7 8 9 |  9.9
Fighting       | 3 4 5 6 7 8 9 10 11 | 11.8
Crossbows      | 3 4 5 6 7 8 9 10 11 | 11.8
Evocations     | 5 6 7 8 9 10 11 12 | 12.3
Armour         | 7 8 9 10 11 12 13 | 13.0

Action                   |  1- 3 |  4- 6 |  7- 9 | 10-12 | 13-15 | 16-18 || total
-------------------------+-------+-------+-------+-------+-------+-------++-------
Melee: Whip              |       |       |   214 |   540 |       |       ||   754
       Bite              |       |       |    49 |   144 |   289 |   188 ||   670
       Dagger            |       |       |       |    12 |   804 |    23 ||   839
       Trident           |       |       |       |       |   364 |   788 ||  1152
 Fire: Hand crossbow     |    67 |   145 |   191 |   383 |   279 |   238 ||  1303
Throw: Throwing net      |       |       |     1 |     2 |       |       ||     3
       Dart              |       |       |       |    56 |     3 |       ||    59
       Javelin           |       |       |       |       |    11 |       ||    11
Invok: Slouch            |       |       |       |     2 |     9 |     5 ||    16
Evoke: Wand              |       |       |       |     1 |       |     9 ||    10
  Use: Scroll            |       |     5 |       |    26 |     6 |     6 ||    43
       Potion            |       |       |       |     1 |       |     2 ||     3
 Stab: Held in net/web   |       |       |     2 |       |       |       ||     2
       Sleeping          |       |       |       |       |    18 |    14 ||    32
       Distracted        |       |       |       |       |     2 |     3 ||     5
       Paralysed         |       |       |       |       |       |     1 ||     1
  Eat: Chunk             |     1 |     7 |     4 |    14 |    19 |    13 ||    58
       Ration            |       |       |     1 |       |       |     1 ||     2
Armor: Robe              |     3 |       |       |       |       |       ||     3
       Chain mail        |     3 |    66 |   151 |   256 |   268 |   373 ||  1117
       Plate armour      |       |     9 |       |       |       |       ||     9
Dodge: Dodged            |    15 |    24 |    80 |   384 |   647 |   904 ||  2054
Block: Kite shield       |       |       |    82 |   609 |   806 |       ||  1497
       Buckler           |       |       |       |       |    67 |   685 ||   752
       Reflection        |       |       |       |       |     3 |    18 ||    21

Table legend:
 A = Non-vault XP
 B = Vault XP
 C = Vault XP percentage of total XP
 D = Non-vault monster count
 E = Vault monster count
 F = Vault count percentage of total count
                 A         B        C        D         E       F
            +---------+---------+-------+---------+---------+-------
      Total |  139591 |   91140 |  39.5 |     671 |     307 |  31.4
            +---------+---------+-------+---------+---------+-------
        D:1 |      34 |       0 |   0.0 |      20 |       0 |   0.0
        D:2 |      95 |      35 |  26.9 |      12 |       1 |   7.7
        D:3 |     122 |      36 |  22.8 |      17 |       1 |   5.6
        D:4 |     315 |     172 |  35.3 |      16 |       1 |   5.9
        D:5 |     104 |     387 |  78.8 |       8 |       8 |  50.0
        D:6 |    1078 |     166 |  13.3 |      19 |       4 |  17.4
        D:7 |    1898 |    1034 |  35.3 |      36 |       6 |  14.3
        D:8 |     934 |       0 |   0.0 |      15 |       0 |   0.0
        D:9 |    4930 |    1417 |  22.3 |      48 |       5 |   9.4
       D:10 |     746 |     491 |  39.7 |      14 |       6 |  30.0
       D:11 |    4370 |       0 |   0.0 |      41 |       0 |   0.0
       D:12 |    3351 |    2199 |  39.6 |      19 |      17 |  47.2
       D:13 |   13584 |    7540 |  35.7 |      41 |      23 |  35.9
       D:14 |    6475 |    3871 |  37.4 |      22 |      26 |  54.2
       D:15 |   16902 |    4781 |  22.0 |      40 |       5 |  11.1
     Lair:1 |    1942 |    3716 |  65.7 |       8 |      26 |  76.5
     Lair:2 |    3424 |       0 |   0.0 |      12 |       0 |   0.0
     Lair:3 |    2963 |    2201 |  42.6 |      14 |       5 |  26.3
     Lair:4 |    3522 |    3471 |  49.6 |      15 |       3 |  16.7
     Lair:5 |    4167 |       0 |   0.0 |      17 |       0 |   0.0
     Lair:6 |   11459 |   13692 |  54.4 |      46 |      32 |  41.0
   Spider:1 |   14363 |    3514 |  19.7 |      46 |      11 |  19.3
   Spider:2 |    7336 |    4517 |  38.1 |      16 |       9 |  36.0
   Spider:3 |   23565 |       0 |   0.0 |      52 |       0 |   0.0
   Spider:4 |    5358 |    2628 |  32.9 |      11 |       1 |   8.3
      Orc:1 |    4600 |    7048 |  60.5 |      39 |      20 |  33.9
      Orc:2 |    1954 |   22264 |  91.9 |      27 |      52 |  65.8
    Ossuary |       0 |     151 | 100.0 |       0 |      16 | 100.0
      IceCv |       0 |    5809 | 100.0 |       0 |      29 | 100.0
            +---------+---------+-------+---------+---------+-------
